 Dungeon Crawl Stone Soup version 0.30-a0-1160-g6e42c06 (webtiles) character file.

Game seed: 14170760052107955866

328 Dorkslayer the Trooper (level 6, -5/38 HPs)
             Began as a Gargoyle Fighter on Apr 25, 2023.
             Was an Initiate of Gozag.
             Slain by Dorkslayer's ghost (11 damage)
             ... on level 4 of the Dungeon.
             The game lasted 00:07:28 (2745 turns).

Dorkslayer the Trooper (Gargoyle Fighter)           Turns: 2745, Time: 00:07:28

Health: -5/38      AC: 16    Str: 20    XL:     6   Next: 50%
Magic:  6/6        EV:  8    Int:  8    God:    Gozag
Gold:   318        SH:  6    Dex: 11    Spells: 5/5 levels left

rFire   + + .        a - +0 war axe
rCold   + + .        m - +2 buckler
rNeg    + . .        p - +0 chain mail
rPois   ∞            (no helmet)
rElec   +            o - scarf {rC+ rF+}
rCorr   +            i - +1 pair of gloves
SInv    +            (no boots)
Will    .....        (no amulet) Stlth
                     t - ring of see invisible
HPRegen 0.26/turn    (no ring)
MPRegen 0.10/turn

%: no passive effects
@: resistant, attractive
A: sickness immunity, AC +4, negative energy resistance 1, electricity
resistance, torment resistance 1, petrification resistance
a: Renounce Religion, Potion Petition, Call Merchant, Bribe Branch


You were on level 4 of the Dungeon.
You worshipped Gozag.
Gozag was aware of your devotion.
You visited 1 branch of the dungeon, and saw 4 of its levels.

You collected 359 gold pieces.
You paid 41 gold pieces to Gozag.

Inventory:

Hand Weapons
 a - a +0 war axe (weapon)
Missiles
 b - 3 boomerangs of dispersal
 l - 5 javelins (quivered)
 u - 6 boomerangs
Armour
 i - a +1 pair of gloves (worn)
 m - a +2 buckler (worn)
 o - a scarf of resistance (worn)
 p - a +0 chain mail (worn)
Jewellery
 t - a ring of see invisible (left hand)
Scrolls
 e - a scroll of magic mapping
 g - 2 scrolls of teleportation
Potions
 r - a potion of brilliance
 x - 2 potions of flight


   Skills:
 + Level 4.1 Fighting
 + Level 4.0 Axes
 * Level 1.8 Throwing
 + Level 4.0 Armour
 * Level 1.5 Dodging
 + Level 0.2 Stealth
 + Level 3.9 Shields


You had 5 spell levels left.
You didn't know any spells.
Your spell library contained the following spells:

 Spells                   Type           Power      Damage    Failure   Level
 Apportation              Tloc           0%         N/A       99%         1
 Necrotise                Necr           0%         1d4       99%         1
 Summon Small Mammal      Summ           0%         N/A       99%         1
 Call Canine Familiar     Summ           0%         N/A       100%        3
 Portal Projectile        Hex/Tloc       0%         N/A       100%        3
 Leda's Liquefaction      Hex/Erth       0%         N/A       100%        4


Dungeon Overview and Level Annotations

Branches:
Dungeon (4/15)             Temple (0/1) D:4

Altars:
Dithmenos
Gozag

Annotations:
D:4 Dorkslayer's ghost, novice GrFi


Innate Abilities, Weirdness & Mutations

You are immune to sickness and miasma.
Your stone body is resilient. (AC +4)
You are immune to poison.
You resist negative energy. (rN+)
You are resistant to electric shocks. (rElec)
You are resistant to unholy torment.
You are immune to petrification.


Message History

* * * LOW HITPOINT WARNING * * *
It was a potion of brilliance.
You feel clever all of a sudden. The hornet zombie closely misses you.
It was a potion of magic.
Magic courses through your body.
Dorkslayer's ghost says, "I guess you can't buy your way into a good afterlife."
Dorkslayer's ghost hits you but does no damage.
The hornet zombie hits you but does no damage.
It was a potion of cancellation.
Your magical effects are unravelling.
You feel magically purged.
You feel yourself slow down.
You feel a little less mighty now.
You feel a little less clever now.
Your resistance to elements expires.
It was a potion of attraction.
You feel attractive to monsters. You block the hornet zombie's attack.
It was a potion of curing.
You feel better.
The hornet zombie hits you but does no damage.
The hornet zombie closely misses you.
You feel protected.
You hit Dorkslayer's ghost but do no damage.
Dorkslayer's ghost is almost destroyed.
Dorkslayer's ghost hits you.
You hit Dorkslayer's ghost.
Dorkslayer's ghost is almost destroyed.
Dorkslayer's ghost barely misses you.
You hit Dorkslayer's ghost but do no damage.
Dorkslayer's ghost is almost destroyed.
Dorkslayer's ghost hits you but does no damage.
You aren't carrying any items that you can evoke.
You hit Dorkslayer's ghost but do no damage.
Dorkslayer's ghost is almost destroyed.
Dorkslayer's ghost hits you but does no damage.
Dorkslayer's ghost hits you!
* * * LOW HITPOINT WARNING * * *
You hit Dorkslayer's ghost.
Dorkslayer's ghost is almost destroyed.
Dorkslayer's ghost hits you!
You die...
Your body crumbles into a pile of gold.

##...###........# #.#
#.....##..##.#..### #.#
...<..#######.....## ##.## #
......#.#.#.#......#######...####
......#.....#...................'
......##....'......#####.....####
......#.[...'Z.ZZ.## #.....# #
#.....##$...'..#W## #.....#
##...##.....#..#@# ##...##
##'###.#.#.####.# ##.###### #.#
#######* #.# #.##.... #.# #.#
#.##.##. ##.## ### #.# #.##<##.
##...## ##.## #.# #.....#.
#.....###.#.####.# ####..#.
.....###.#.......# ##..#.
...........##.#### #.....


You could see Dorkslayer's ghost, a hornet zombie and a wyvern skeleton.

Vanquished Creatures
  An ogre (D:4)
  A scorpion (D:4)
  Ijyb (D:3)
  A sleepcap (D:4)
  Terence (D:2)
  3 adders
  5 worms
  A dart slug (D:3)
  2 orcs
  6 endoplasms
  3 giant cockroaches
  3 goblins
  5 hobgoblins
  7 kobolds
  A quokka (D:2)
  10 ball pythons
  4 bats
  5 frilled lizards
  3 rats
63 creatures vanquished.

Vanquished Creatures (others)
  3 plants (D:1)
3 creatures vanquished.

Grand Total: 66 creatures vanquished

Notes
Turn   | Place    | Note
-------+----------+-------------------------------------------
     0 | D:1      | Dorkslayer the Gargoyle Fighter began the quest for the
                  | Orb.
     0 | D:1      | Reached XP level 1. HP: 14/14 MP: 1/1
    84 | D:1      | Found a faded altar of an unknown god.
    89 | D:1      | Reached XP level 2. HP: 19/19 MP: 2/2
   668 | D:2      | Reached XP level 3. HP: 20/23 MP: 3/3
   810 | D:2      | Noticed Terence
   817 | D:2      | Killed Terence
   818 | D:2      | Reached XP level 4. HP: 23/29 MP: 4/4
  1366 | D:3      | Found an opulent altar of Gozag.
  1379 | D:3      | Became a worshipper of Gozag Ym Sagoz the Greedy
  1452 | D:3      | Reached skill level 1 in Throwing
  1473 | D:3      | Noticed Ijyb
  1493 | D:3      | Killed Ijyb
  1494 | D:3      | Reached skill level 1 in Dodging
  1494 | D:3      | Reached XP level 5. HP: 28/33 MP: 5/5
  1875 | D:4      | Found a runed translucent gate.
  1880 | D:4      | Found a runed translucent gate.
  1882 | D:4      | Found a runed translucent gate.
  1919 | D:4      | Reached XP level 6. HP: 38/38 MP: 6/6
  2090 | D:4      | Found a shadowy altar of Dithmenos.
  2299 | D:4      | Identified the +0 buckler of the Enormous God {rN+ Will-
                  | Dex+3}
  2398 | D:4      | Noticed Dorkslayer's ghost (novice GrFi)
  2606 | D:4      | Found a staircase to the Ecumenical Temple.
  2745 | D:4      | Slain by Dorkslayer's ghost

Illustrated notes

Levels and vault maps discovered:
D:1:      minmay_arrival_plants_in_alcoves, layout_basic,
          nicolae_ecumenical_snake_handling
D:2:      layout_rooms, uniq_terence
D:3:      layout_basic, lemuel_tele_altar, uniq_ijyb
D:4:      layout_loops_corners, mainiacjoe_overflow_concentric_impassable,
          minmay_temple_entry_nine_rooms, gammafunk_ghost_necromancy

Skill      XL: |  1  2  3  4  5  6 |
---------------+-------------------+-----
Axes           | 2 3 4 |  4.0
Throwing       | 1 |  1.8
Dodging        | 1 |  1.5
Fighting       | 4 |  4.1
Armour         | 4 |  4.0
Stealth        | |  0.2
Shields        | |  3.9

Action                     |  1- 3 |  4- 6 || total
---------------------------+-------+-------++-------
  Melee: War axe           |    59 |   167 ||   226
    Use: Scroll            |       |     9 ||     9
         Potion            |       |     9 ||     9
 Armour: Scale mail        |    38 |       ||    38
         Chain mail        |       |    91 ||    91
  Dodge: Dodged            |    37 |    71 ||   108
  Block: Buckler           |    20 |    53 ||    73

Table legend: (Time is in decaauts)
 A = Elapsed time spent in this place.
 B = Non-inter-level travel time spent in this place.
 C = Inter-level travel time spent in this place.
 D = Time resting spent in this place.
 E = Time spent auto-exploring this place.
 F = Levels seen in this place.
 G = Mean time per level.
                   A        B        C        D        E       F      G
               +--------+--------+--------+--------+--------+-----+--------+
         Total |   2825 |   2825 |      0 |      0 |   1713 |   4 |  706.2 |
       Dungeon |   2825 |   2825 |      0 |      0 |   1713 |   4 |  706.2 |
               +--------+--------+--------+--------+--------+-----+--------+

Top non-repeatable levels by time:
     D:4: 915 daAuts
     D:1: 646 daAuts
     D:3: 641 daAuts
     D:2: 621 daAuts
